Map: Tours du crépuscule

Players

Boomslang

  • Race: Zerg Zerg
  • League: Diamond

Worming - Winner!

  • Race: Zerg Zerg
  • League: Diamond

VOD

Have the link to the VOD?

Description

Time

  • Played on: Dec. 8, 2015, 11:32 a.m.
  • Length: 13:46
Show
View Real Time Build Order
Export as new Build Order

Boomslang Zerg 

Build Orders: Hatch First 

Get SALT Encoding   

  12  0:10  Overlord  
  12  0:19  Drone  
  13  0:23  Drone  
  14  0:31  Drone  
  14  0:34  Drone  
  16  0:53  Hatchery  
  15  0:59  Drone x2  
  17  1:04  Extractor  
  16  1:17  Spawning Pool  
  15  1:19  Drone  
  16  1:33  Overlord  
  16  1:36  Drone  
  16  1:38  Drone  
  18  1:48  Drone  
  19  2:06  Queen, Metabolic Boost  
  19  2:08  Zergling x4  
  23  2:11  Zergling x2  
  24  2:16  Zergling x2  
  25  2:25  Zergling x2  
  26  2:31  Zergling x4  
  28  2:42  Zergling x4  
  30  2:53  Zergling x4  
  32  3:00  Zergling x2  
  32  3:01  Baneling Nest  
  32  3:09  Drone  
  32  3:10  Queen  
  32  3:12  Drone  
  36  3:17  Overlord  
  36  3:18  Overlord  
  36  3:33  Overlord  
  36  3:38  Drone x4  
  40  3:46  Baneling  
  40  3:50  Drone x2  
  40  3:51  Drone x3  
  39  4:08  Drone x3  
  40  4:14  Baneling x4  
  40  4:16  Drone x2  
  42  4:22  Roach Warren  
  41  4:25  Extractor  
  41  4:27  Drone x2  
  40  4:38  Zergling x4  
  40  4:49  Spine Crawler  
  40  4:50  Spine Crawler  
  40  4:51  Zergling x6  
  40  4:52  Zergling x2  
  42  4:58  Baneling x2  
  42  5:00  Baneling x2  
  42  5:01  Zergling x6  
  42  5:02  Zergling x2  
  46  5:07  Roach x2  
  50  5:15  Overlord  
  50  5:20  Roach  
  50  5:41  Roach x7  
  63  5:49  Overlord x2  
  63  5:52  Evolution Chamber  
  63  5:53  Drone  
  63  5:56  Drone  
  64  6:00  Baneling  
  64  6:01  Drone  
  65  6:11  Drone x2  
  67  6:23  Roach  
  67  6:24  Roach x4  
  77  6:26  Zerg Missile Weapons Level 1  
  77  6:35  Extractor  
  77  6:37  Extractor  
  77  6:39  Roach  
  81  6:40  Roach x2  
  81  6:45  Baneling x2  
  81  6:50  Drone x3, Hatchery  
  83  7:00  Overlord x3  
  78  7:17  Drone x3  
  78  7:18  Drone x3  
  85  7:25  Hatchery  
  85  7:27  Roach x4  
  92  7:32  Lair  
  92  7:34  Overlord  
  91  7:53  Drone x3  
  91  7:54  Drone  
  95  8:01  Overlord x4  
  95  8:02  Evolution Chamber  
  94  8:06  Queen  
  96  8:14  Drone x5  
  101  8:23  Zergling x2  
  102  8:29  Extractor, Zerg Ground Armor Level 1  
  102  8:31  Ravager  
  102  8:32  Ravager x5  
  107  8:34  Extractor  
  107  8:36  Roach x3  
  107  8:37  Roach  
  107  8:41  Roach  
  116  8:42  Roach  
  117  9:01  Ravager  
  117  9:02  Ravager x2  
  120  9:04  Drone x7  
  120  9:05  Drone  
  128  9:10  Glial Reconstitution  
  128  9:13  Zergling x6  
  131  9:24  Zergling x6  
  131  9:25  Zergling x6  
  137  9:32  Hatchery, Overlord x2  
  136  9:48  Roach x5  
  136  9:49  Roach x2  
  140  10:22  Roach x2  
  140  10:23  Roach x4  
  144  10:30  Roach x2  
  144  10:31  Roach x5  
  158  10:45  Roach x4  
  166  10:52  Zerg Missile Weapons Level 2  
  166  10:54  Zerg Ground Armor Level 2  
  166  10:59  Roach x2  
  166  11:00  Roach x3  
  176  11:07  Hydralisk Den  
  176  11:10  Ravager  
  176  11:18  Hatchery  
  167  11:32  Roach x2  
  160  11:33  Roach x8  
  160  11:34  Roach  
  176  11:45  Overlord x5  
  176  11:46  Overlord  
  174  12:15  Roach x4  
  182  12:25  Hydralisk x3  
  182  12:26  Hydralisk x5  
  198  12:36  Hatchery  
  195  12:47  Hydralisk x2  
  199  13:00  Drone  
  200  13:09  Infestation Pit  
  199  13:25  Overseer x4  
Show
View Real Time Build Order
Export as new Build Order

Worming Zerg - Winner!

Build Orders: Hatch First, Lurkers 

Get SALT Encoding   

  12  0:01  Drone  
  13  0:09  Drone  
  14  0:22  Drone, Extractor  
  14  0:23  Drone, Extractor  
  16  0:34  Overlord  
  16  0:50  Hatchery  
  16  0:53  Drone  
  16  0:58  Drone  
  17  1:06  Drone, Extractor  
  17  1:18  Spawning Pool  
  17  1:21  Drone  
  17  1:23  Drone  
  18  1:34  Drone  
  19  1:42  Overlord  
  19  1:50  Drone  
  20  2:05  Queen x2  
  20  2:06  Zergling x4  
  26  2:10  Drone  
  27  2:17  Drone  
  27  2:18  Metabolic Boost  
  28  2:27  Drone x2  
  30  2:39  Drone x2  
  32  2:48  Overlord  
  32  2:53  Drone x2  
  34  3:07  Zergling x4  
  34  3:08  Zergling x2  
  37  3:14  Spine Crawler  
  37  3:15  Baneling Nest, Spine Crawler  
  37  3:17  Zergling x12  
  40  3:22  Overlord  
  38  3:41  Zergling x2  
  38  3:42  Zergling x8  
  28  4:10  Baneling x2  
  28  4:11  Zergling x12  
  28  4:14  Queen  
  28  4:16  Zergling x2  
  35  4:38  Drone x4  
  39  4:51  Extractor x2  
  41  4:52  Drone x4  
  41  4:53  Drone  
  42  5:02  Overlord  
  42  5:03  Zergling x2  
  42  5:06  Hatchery  
  42  5:08  Baneling  
  42  5:09  Baneling x4  
  36  5:40  Drone x7  
  36  5:41  Roach Warren  
  42  5:45  Zergling x2  
  42  5:48  Queen  
  45  5:55  Zergling x4  
  47  6:01  Zergling x6  
  50  6:06  Roach Warren  
  50  6:07  Baneling x4  
  49  6:28  Evolution Chamber  
  48  6:34  Overlord x2, Evolution Chamber  
  48  6:36  Roach x2  
  51  6:42  Overlord  
  51  6:43  Hatchery, Overlord, Queen  
  48  7:23  Roach x13  
  48  7:27  Zerg Missile Weapons Level 1  
  72  7:30  Lair  
  72  7:51  Overlord  
  72  7:52  Roach x4  
  80  8:02  Roach x5  
  80  8:04  Zerg Ground Armor Level 1  
  90  8:10  Overlord  
  90  8:11  Roach x4  
  98  8:20  Overlord, Extractor  
  98  8:21  Drone  
  98  8:28  Ravager x2  
  98  8:29  Ravager x3  
  98  8:32  Drone x3  
  106  8:37  Overseer  
  106  8:40  Glial Reconstitution  
  106  8:44  Drone x2  
  107  9:01  Drone x7  
  114  9:07  Pneumatized Carapace  
  114  9:15  Overlord x2  
  114  9:16  Overlord x3  
  114  9:25  Zerg Missile Weapons Level 2  
  114  9:37  Roach x6  
  126  9:49  Roach x3  
  126  9:50  Roach x2  
  136  10:02  Roach x5  
  146  10:17  Roach x5  
  152  10:35  Hydralisk Den  
  151  10:38  Roach  
  151  10:41  Drone  
  151  10:42  Overlord x3  
  154  10:47  Overlord x2  
  154  10:48  Overseer  
  154  11:00  Ravager  
  154  11:02  Zergling x2  
  154  11:03  Zergling x10  
  161  11:14  Lurker Den  
  162  11:18  Ravager  
  152  11:31  Roach  
  152  11:32  Roach x14  
  168  11:45  Hydralisk x4  
  173  12:31  Roach  
  173  12:32  Roach x5  
  173  12:33  Overlord  
  173  12:34  Overlord x3  
  172  12:48  Lurker x4  
  176  13:03  Hydralisk x8  
  188  13:16  Hatchery  
Tags
 
Add a new tag
Caveats
  • Supply blocks, unpowered buildings, or Contaminate may cause inaccurate times.
  • Supply counts are checked every 10 seconds.